 Dungeon Crawl Stone Soup version 0.31-a0-1074-g0b22e4e0f1 (webtiles) character file.

Game seed: 8598960489606887440

53 Curundu the Chopper (level 3, 0/33 HPs)
             Began as a Draconian Berserker on Dec 1, 2023.
             Was a Believer of Trog.
             Slain by Sigmund
             ... wielding a +0 scythe
              (4 damage)
             ... on level 3 of the Dungeon.
             The game lasted 00:09:00 (1635 turns).

Curundu the Chopper (Draconian Berserker)           Turns: 1635, Time: 00:09:00

Health: 0/33       AC: 12    Str: 19    XL:     3   Next: 62%
Magic:  3/3        EV: 14    Int:  7    God:    Trog [**....]
Gold:   93         SH: 10    Dex: 12    Spells: 2/2 levels left

rFire   . . .        t - +2 dagger (protect)
rCold   . . .        v - +0 tower shield
rNeg    . . .        (body armour unavailable)
rPois   .            (helmet restricted)
rElec   .            (no cloak)
rCorr   .            (no gloves)
SInv    .            (no boots)
Will    .....        l - amulet of the acrobat
Stlth   +            q - +5 ring of evasion
HPRegen 0.25/turn    (no ring)
MPRegen 0.08/turn

%: acrobat
@: under a protective aura
A: AC +5, unfitting armour, cold-blooded
a: Renounce Religion, Berserk, Trog's Hand


You were on level 3 of the Dungeon.
You worshipped Trog.
Trog was pleased with you.
You visited 1 branch of the dungeon, and saw 3 of its levels.

You collected 93 gold pieces.

Inventory:

Hand Weapons
 a - a +0 hand axe
 t - a +2 dagger of protection (weapon)
Missiles
 b - 44 stones
 g - 3 javelins
Armour
 v - a +0 tower shield (worn)
Magical Staves
 d - a staff of fire
 o - a staff of fire
Jewellery
 l - an amulet of the acrobat (around neck)
 p - a ring of wizardry
 q - a +5 ring of evasion (left hand)
Scrolls
 h - 2 scrolls of identify {unknown}
 i - a scroll of enchant armour {unknown}
 j - a scroll of teleportation {unknown}
 k - a scroll of amnesia {unknown}
 r - a scroll of poison {unknown}
 s - a scroll of enchant weapon {unknown}
Potions
 c - a potion of magic {unknown}
 e - a potion of berserk rage {unknown}
 f - a potion of might {unknown}
 m - a potion of brilliance {unknown}
 n - a potion of haste {unknown}
 u - a potion of degeneration {unknown}


   Skills:
 + Level 3.7 Fighting
 + Level 3.9 Axes
 + Level 3.2 Dodging
 + Level 0.1 Stealth


You had 2 spell levels left.
You didn't know any spells.
Your spell library was empty.

Dungeon Overview and Level Annotations

Branches:
Dungeon (3/15)

Altars:
Zin

Annotations:
D:3 Sigmund


Innate Abilities, Weirdness & Mutations

Your plain brown scales are hard. (AC +5)
You cannot fit into any form of body armour.
You are cold-blooded and may be slowed by cold attacks.


Message History

Sigmund mumbles some strange words.
Sigmund flickers and vanishes!
Deactivating autopickup; reactivate with Ctrl-A.
Something barely misses you.
You closely miss something.
Your tail-slap misses something.
You miss something. You block something's attack.
You closely miss something. Something hits you!
You closely miss something. You block something's attack.
You closely miss something. Something barely misses you.
You barely miss something. Something hits you but does no damage.
You miss something.
You hear some strange, mumbled words.
A magic dart appears from out of thin air!
The magic dart hits you.
You hit something.
Your weapon exudes an aura of protection.
Something hits you but does no damage.
You miss something. Something barely misses you.
You hit something.
You hear some strange, mumbled words.
You are confused.
You miss something. Something hits you.
You're too confused to move!
Something hits you but does no damage. Something hits you but does no damage.
You feel less confused. Something closely misses you.
You hit something.
Your weapon exudes an aura of protection.
Your tail-slap misses something.
Something hits you but does no damage.
You hit something. Something hits you but does no damage.
You hit something. Something hits you.
You hit something. Something hits you.
You hit something.
Your tail-slap misses something.
You hear some strange, mumbled words.
Something tries to affect you, but you resist.
You hit something. You block something's attack.
You miss something. Something hits you!
* * * LOW HITPOINT WARNING * * *
You closely miss something. Something hits you.
You die...

#........# ..
#........#
...#######.##.#####
........##.##.#####
........#.. #.#...##
.........# #..<...##
.......###..†....#
.####.#{..##..))....#
.......@.###........#
.###...............##
......##$..#.#.....#
#...................#
#..[.....##.........#
#........##.#.......#
.........##.##.....##
.........##.. ....##
........##.. #####


There were no monsters in sight!

Vanquished Creatures
  A worm (D:2)
  A dart slug (D:1)
  A ball python (D:2)
  2 endoplasms (D:1)
  2 giant cockroaches
  7 goblins
  4 hobgoblins (D:1)
  4 jackals (D:2)
  3 quokkas
  3 bats
  3 frilled lizards
  5 kobolds
  6 rats (D:1)
42 creatures vanquished.

Notes
Turn   | Place    | Note
-------+----------+-------------------------------------------
     0 | D:1      | Curundu the Draconian Berserker began the quest for the
                  | Orb.
     0 | D:1      | Reached XP level 1. HP: 19/19 MP: 1/1
   226 | D:1      | Reached XP level 2. HP: 21/26 MP: 2/2
   501 | D:1      | Reached XP level 3. HP: 29/33 MP: 3/3
   569 | D:1      | Reached ** piety under Trog
   927 | D:2      | Found a glowing silver altar of Zin.
  1607 | D:3      | Noticed Sigmund
  1635 | D:3      | Slain by Sigmund

Illustrated notes

Levels and vault maps discovered:
D:1:      dreamdust_arrival_sigmund_warning, layout_rooms
D:2:      layout_basic, basic_altar
D:3:      layout_rooms, cheibrodos_sewer_entry_bend, kennysheep_path_1,
          uniq_sigmund

Skill      XL: |  1  2 |
---------------+-------+-----
Dodging        | 3 |  3.2
Fighting       | |  3.7
Axes           | |  3.9
Stealth        | |  0.1

Action                     || total
---------------------------++-------
  Melee: Hand axe          ||    97
         Tailslap          ||     7
         Dagger            ||    39
 Armour: Skin              ||    98
  Dodge: Dodged            ||   152
  Block: Tower shield      ||     3

Table legend: (Time is in decaauts)
 A = Elapsed time spent in this place.
 B = Non-inter-level travel time spent in this place.
 C = Inter-level travel time spent in this place.
 D = Time resting spent in this place.
 E = Time spent auto-exploring this place.
 F = Levels seen in this place.
 G = Mean time per level.
                   A        B        C        D        E       F      G
               +--------+--------+--------+--------+--------+-----+--------+
         Total |   1653 |   1653 |      0 |     83 |      0 |   3 |  551.0 |
       Dungeon |   1653 |   1653 |      0 |     83 |      0 |   3 |  551.0 |
               +--------+--------+--------+--------+--------+-----+--------+

Top non-repeatable levels by time:
     D:2: 866 daAuts
     D:1: 694 daAuts
     D:3: 92 daAuts
